[Event "Titled Tuesday Blitz March 22 Early 2022"]
[White "Sonis, Francesco"]
[Black "Sadovsky, Artem"]
[WhiteFideId "895733"]
[BlackFideId "4155840"]
[WhiteElo "2373"]
[BlackElo "2314"]
[Result "1/2-1/2"]
[Round "03"]
[TimeControl "180+1"]
[Date "2022.03.22"]
[WhiteClock "0:01:09"]
[BlackClock "0:00:36"]

1. g3 d5 2. Bg2 c6 3. d3 g6 4. Nd2 Bg7 5. Ngf3 Nf6 6. e4 O-O 7. O-O Bg4 8. h3 Bxf3 9. Qxf3 Nbd7 10. Qe2 dxe4 11. Nxe4 Nxe4 12. Bxe4 Nc5 13. Bg2 Re8 14. Rd1 e5 15. Be3 Ne6 16. a4 Nd4 17. Qd2 a5 18. Rab1 Qd6 19. c3 Nf5 20. Bg5 h6 21. g4 hxg5 22. gxf5 gxf5 23. Qxg5 Qg6 24. Qe3 Bf6 25. Kh1 Kh7 26. Rg1 Rg8 27. Bxc6 Qh6 28. Qxh6+ Kxh6 29. Bxb7 Rxg1+ 30. Kxg1 Rb8 31. Bd5 e4 32. d4 Kg5 33. f3 e3 34. Kf1 Kf4 35. Ke2 Rg8 36. Kd3 Rg2 37. Bxf7 Rd2+ 38. Kc4 e2 39. Re1 Bh4 40. Rxe2 Rxe2 41. b4 Re7 42. Bd5 axb4 43. cxb4 Bf2 44. b5 Rc7+ 45. Bc6 Be1 46. d5 Ke5 47. b6 Rc8 48. b7 Rh8 49. Bd7 Rb8 50. Bc8 Kd6 51. Kb5 Kxd5 52. a5 Bf2 53. a6 f4 54. h4 Bd4 55. h5 Kd6 56. h6 Kc7 57. h7 Rxc8 58. bxc8=Q+ Kxc8 59. Kc4 Bh8 60. Kd5 Kb8 61. Ke6 Ka7 62. Kf7 Kxa6 63. Kg8 Be5 64. h8=Q Bxh8 65. Kxh8 Kb5 66. Kg7 Kc6 67. Kf6 Kd6 68. Kf5 Ke7 69. Ke4 Ke6 70. Kd4 Kf5 71. Kd5 Kg6 72. Ke6 Kg7 73. Kf5 Kf7 74. Kg5 Kg7 75. Kh4 Kh6 76. Kg4 Kg6 77. Kxf4 Kf6 78. Ke4 Ke6 79. f4 Kf6 80. f5 Kf7 81. Ke5 Ke7 82. f6+ Kf7 83. Kf5 Kf8 84. Ke5 Kf7 85. Kf5 Kf8 86. Kf4 Kf7 87. Kg5 Kf8 88. Kh5 Kf7 89. Kg5 Kf8 90. Kg6 Kg8 91. Kf5 Kf7 92. Kg5 1/2-1/2


[Site "https://www.chess.com"]

[Event "Titled Tuesday Blitz March 22 Early 2022"]
[White "Starozhilov, Leonid"]
[Black "Vusatiuk, Vladimir"]
[WhiteFideId "14106752"]
[BlackFideId "14118610"]
[WhiteElo "2414"]
[BlackElo "2157"]
[Result "1-0"]
[Round "03"]
[TimeControl "180+1"]
[Date "2022.03.22"]
[WhiteClock "0:00:10"]
[BlackClock "0:00:02"]

1. e4 c5 2. Nf3 d6 3. Bb5+ Nd7 4. O-O a6 5. Bxd7+ Bxd7 6. c3 Nf6 7. Re1 g6 8. d4 cxd4 9. cxd4 Bg7 10. Nc3 O-O 11. Bg5 Bg4 12. h3 Bxf3 13. Qxf3 Qb6 14. e5 dxe5 15. dxe5 Nd7 16. Bxe7 Nxe5 17. Qe2 Rfe8 18. Nd5 Qa5 19. Rad1 Nc6 20. b4 Qa3 21. Rd3 Qa4 22. Nb6 Qb5 23. Nxa8 Rxe7 24. Re3 Qxe2 25. R1xe2 Rxe3 26. Rxe3 Nxb4 27. Re8+ Bf8 28. Nb6 Kg7 29. Rb8 Nxa2 30. Rxb7 Nc3 31. Nd7 Bd6 32. Rb6 Be7 33. Rxa6 Ne2+ 34. Kf1 Nd4 35. Ne5 Nf5 36. Ra7 Bf6 37. Rxf7+ Kg8 38. Rxf6 1-0


[Site "https://www.chess.com"]

[Event "Titled Tuesday Blitz March 22 Early 2022"]
[White "Svane, Rasmus"]
[Black "Lou, Yiping"]
[WhiteFideId "4657101"]
[BlackFideId "8603928"]
[WhiteElo "2645"]
[BlackElo "2412"]
[Result "1/2-1/2"]
[Round "03"]
[TimeControl "180+1"]
[Date "2022.03.22"]
[WhiteClock "0:00:09"]
[BlackClock "0:00:13"]

1. Nf3 Nf6 2. g3 g6 3. Bg2 Bg7 4. O-O O-O 5. d4 d5 6. c3 c6 7. Re1 Re8 8. Nbd2 Nbd7 9. e4 dxe4 10. Nxe4 Nxe4 11. Rxe4 Nf6 12. Re1 Bg4 13. Qb3 Bxf3 14. Bxf3 Qb6 15. Bf4 Qxb3 16. axb3 Nd5 17. Bxd5 cxd5 18. b4 f6 19. Red1 e6 20. Ra5 a6 21. Rda1 e5 22. Be3 Red8 23. b5 Rd6 24. Rd1 Rad8 25. bxa6 bxa6 26. Rda1 Rb8 27. b4 Rc8 28. Rxa6 Rxa6 29. Rxa6 Rxc3 30. b5 Rb3 31. b6 Bf8 32. Kg2 Kf7 33. Ra7+ Ke6 34. Rxh7 e4 35. b7 Be7 36. Rg7 g5 37. h4 gxh4 38. gxh4 Rxb7 39. h5 Rb8 40. h6 Rh8 41. h7 f5 42. Bf4 Bf6 43. Ra7 Bxd4 44. Rb7 Kf6 45. Kf1 Kg6 46. Rd7 Rxh7 47. Rd6+ Kh5 48. Rxd5 Kg4 49. Rxd4 Kxf4 50. Ke2 Ra7 51. Rb4 Ra2+ 52. Kf1 Kf3 53. Rb3+ Kg4 54. Rc3 f4 55. Rb3 e3 56. fxe3 f3 57. Rb8 Ra1+ 58. Kf2 Ra2+ 59. Kf1 Ra1+ 60. Kf2 Ra2+ 61. Kf1 1/2-1/2


[Site "https://www.chess.com"]

[Event "Titled Tuesday Blitz March 22 Early 2022"]
[White "Tanenbaum, Zachary"]
[Black "Garagulya, Konstantin"]
[WhiteFideId "2060850"]
[BlackFideId "4128931"]
[WhiteElo "2168"]
[BlackElo "2329"]
[Result "0-1"]
[Round "03"]
[TimeControl "180+1"]
[Date "2022.03.22"]
[WhiteClock "0:00:01"]
[BlackClock "0:00:12"]

1. e4 c5 2. Nf3 a6 3. Nc3 b5 4. d4 cxd4 5. Nxd4 Bb7 6. Bd3 g6 7. O-O Bg7 8. Be3 d6 9. f4 Nd7 10. a4 bxa4 11. Nxa4 Ngf6 12. Nc3 O-O 13. Qf3 Nc5 14. f5 Qd7 15. b4 Nxd3 16. cxd3 Rac8 17. Na4 Qc7 18. b5 axb5 19. Nxb5 Qc2 20. Nb6 Rb8 21. Rfd1 Nxe4 22. Rac1 Qb3 23. Rb1 Qc2 24. dxe4 Bxe4 25. Qf1 Bxf5 26. Nd4 Bxd4 27. Bxd4 Rb7 28. Rbc1 Qe4 29. Nc4 Rfb8 30. Ne3 Be6 31. Bc3 f6 32. Re1 Rb3 33. Nc2 Qd5 34. Nd4 Rxc3 35. Rxc3 Qxd4+ 36. Rce3 Bf7 37. Qf2 e5 38. h3 Kg7 39. Rf1 f5 40. Rfe1 Rb4 41. R3e2 Qb6 42. Qxb6 Rxb6 43. Rd2 Kf6 44. Kf2 d5 45. g3 d4 46. Rc2 Rd6 47. Rc5 e4 48. Rd1 g5 49. h4 h6 50. hxg5+ hxg5 51. g4 Bg6 52. gxf5 Bxf5 53. Kg3 Kg6 54. Rc4 d3 55. Kf2 Kf6 56. Ke3 Ke5 57. Rf1 Rd5 58. Rd1 g4 59. Rd2 g3 60. Rc7 Rd6 61. Re7+ Re6 62. Rg7 Rg6 63. Rxg6 Bxg6 64. Rg2 Bh5 65. Rxg3 Bf3 66. Rg1 Kd5 0-1


[Site "https://www.chess.com"]

[Event "Titled Tuesday Blitz March 22 Early 2022"]
[White "Tasev, Dejan"]
[Black "Kulkarni, Rakesh"]
[WhiteFideId "936618"]
[BlackFideId "5037077"]
[WhiteElo "2253"]
[BlackElo "2246"]
[Result "0-1"]
[Round "03"]
[TimeControl "180+1"]
[Date "2022.03.22"]
[WhiteClock "0:00:17"]
[BlackClock "0:00:39"]

1. e4 c5 2. Nf3 e6 3. Nc3 a6 4. g3 b5 5. Bg2 Bb7 6. d3 Nf6 7. O-O d5 8. exd5 Nxd5 9. Nxd5 Bxd5 10. a4 Be7 11. axb5 axb5 12. Rxa8 Bxa8 13. b3 O-O 14. Bb2 Bf6 15. Qa1 Bxb2 16. Qxb2 Nc6 17. Ra1 Bb7 18. Qc3 Qd6 19. Qe1 h6 20. Nd2 Nd4 21. Ra2 Bxg2 22. Kxg2 f5 23. f4 Qd5+ 24. Kf2 Re8 25. Qe5 Qh1 26. Ra7 Qxh2+ 27. Kf1 Qh1+ 28. Kf2 Qh2+ 29. Kf1 Qxg3 30. Qc7 Rf8 31. Qe7 Qxf4+ 32. Kg1 Qg4+ 33. Kh2 Rf6 34. Ra8+ Kh7 35. Qe8 Qh4+ 36. Kg1 Rg6+ 37. Kf1 Qf4+ 38. Ke1 Rg1+ 39. Nf1 Rxf1# 0-1


[Site "https://www.chess.com"]

[Event "Titled Tuesday Blitz March 22 Early 2022"]
[White "Tay, Junior"]
[Black "Harish, Neeraj"]
[WhiteFideId "5800439"]
[BlackFideId "30958130"]
[WhiteElo "2216"]
[BlackElo "1574"]
[Result "1-0"]
[Round "03"]
[TimeControl "180+1"]
[Date "2022.03.22"]
[WhiteClock "0:02:41"]
[BlackClock "0:01:39"]

1. e4 c5 2. Nf3 d6 3. d4 cxd4 4. Nxd4 Nf6 5. Nc3 a6 6. f4 e5 7. Nf3 Nc6 8. Bd3 Be7 9. O-O O-O 10. Kh1 exf4 11. Bxf4 Be6 12. Nd5 Re8 13. Nxe7+ Rxe7 14. Bg5 Rd7 15. Qe1 d5 16. e5 1-0


[Site "https://www.chess.com"]

[Event "Titled Tuesday Blitz March 22 Early 2022"]
[White "Terry, Renato"]
[Black "Manolache, Marius"]
[WhiteFideId "3803457"]
[BlackFideId "1201530"]
[WhiteElo "2577"]
[BlackElo "2389"]
[Result "1-0"]
[Round "03"]
[TimeControl "180+1"]
[Date "2022.03.22"]
[WhiteClock "0:00:12"]
[BlackClock "0:00:17"]

1. d4 Nf6 2. Bg5 e6 3. e4 h6 4. Bxf6 Qxf6 5. c3 d6 6. Bd3 g5 7. Ne2 h5 8. O-O h4 9. f4 Bd7 10. Nd2 Nc6 11. e5 Qg7 12. Ne4 O-O-O 13. exd6 Bxd6 14. fxg5 Rdg8 15. Rf2 Ne7 16. Qd2 Nf5 17. Raf1 Bc6 18. Nf6 Qxg5 19. Qxg5 Rxg5 20. d5 Bd7 21. dxe6 fxe6 22. Nxd7 Kxd7 23. Bxf5 exf5 24. Rxf5 Bc5+ 25. Nd4 Bxd4+ 26. cxd4 Rhg8 27. Rxg5 Rxg5 28. h3 c5 29. dxc5 Rxc5 30. Rf4 Rc2 31. Rxh4 Rxb2 32. Ra4 a6 33. h4 Ke6 34. Kh2 Rb1 35. Kh3 Kf6 36. Kg4 Kg6 37. g3 Rc1 38. Rd4 Rc2 39. Rd6+ Kg7 40. Rd7+ Kh6 41. Rxb7 Rxa2 42. Rb6+ Kh7 43. h5 Ra1 44. Rb7+ Kh6 45. Rb6+ Kh7 46. Kg5 Ra5+ 47. Kh4 Ra1 48. g4 Ra5 49. Rb7+ Kg8 50. h6 Rb5 51. Ra7 a5 52. g5 Kh8 53. g6 Rb8 54. Kh5 Rb5+ 55. Kg4 Rb8 56. h7 a4 57. Kg5 Rb1 58. Ra8+ Kg7 59. h8=Q# 1-0


[Site "https://www.chess.com"]

[Event "Titled Tuesday Blitz March 22 Early 2022"]
[White "Thomas, Anysia"]
[Black "Fiol, Fabrice"]
[WhiteFideId "670472"]
[BlackFideId "611670"]
[WhiteElo "2002"]
[BlackElo "2497"]
[Result "1-0"]
[Round "03"]
[TimeControl "180+1"]
[Date "2022.03.22"]
[WhiteClock "0:00:02"]
[BlackClock "0:00:01"]

1. d4 Nf6 2. c4 e6 3. Nf3 Bb4+ 4. Nbd2 b6 5. g3 Bb7 6. Bg2 O-O 7. O-O d5 8. Ne5 Bd6 9. cxd5 exd5 10. Ndf3 Nbd7 11. b3 c5 12. Bb2 Ne4 13. e3 f6 14. Nxd7 Qxd7 15. Nd2 Ng5 16. h4 Nf7 17. Rc1 Rac8 18. Kh2 Qe7 19. Re1 Rfd8 20. e4 cxd4 21. Rxc8 Rxc8 22. exd5 Qd8 23. Bxd4 Bb4 24. a3 Bxd2 25. Qxd2 Bxd5 26. Bxf6 Qxf6 27. Bxd5 Rf8 28. Re2 h6 29. Qe3 Kh8 30. Qe7 Nd6 31. Qxf6 Rxf6 32. Re6 Rxe6 33. Bxe6 Nb5 34. a4 Nd4 35. Bc4 g5 36. Kg2 Kg7 37. hxg5 hxg5 38. f3 Kf6 39. Kf2 Ke5 40. Ke3 Nc2+ 41. Kd2 Nb4 42. Ke3 Nc2+ 43. Kf2 Nd4 44. Ke3 Nc6 45. f4+ gxf4+ 46. gxf4+ Kf6 47. Ke4 Nb8 48. f5 Nd7 49. Be6 Nc5+ 50. Kd5 Nxb3 51. Kc6 Nc5 52. Bc8 1-0


[Site "https://www.chess.com"]

[Event "Titled Tuesday Blitz March 22 Early 2022"]
[White "Timofeev, Artyom"]
[Black "Sargsyan, Anna M."]
[WhiteFideId "4140419"]
[BlackFideId "13308130"]
[WhiteElo "2594"]
[BlackElo "2271"]
[Result "1-0"]
[Round "03"]
[TimeControl "180+1"]
[Date "2022.03.22"]
[WhiteClock "0:00:05"]
[BlackClock "0:00:01"]

1. e4 e5 2. Nf3 Nc6 3. Bb5 a6 4. Ba4 Nf6 5. d3 b5 6. Bb3 Bc5 7. c3 d6 8. O-O O-O 9. Nbd2 Be6 10. h3 h6 11. Re1 Re8 12. Nf1 d5 13. Qe2 Bd6 14. Ng3 Qd7 15. Be3 Na5 16. Bc2 dxe4 17. dxe4 Nc4 18. Bc1 Qc6 19. a4 b4 20. b3 Na3 21. c4 Nxc2 22. Qxc2 Bc8 23. Bb2 Bb7 24. Rac1 Nd7 25. Re3 Nc5 26. Rce1 g6 27. Nh2 Bf8 28. Nhf1 Rad8 29. R3e2 h5 30. Ne3 h4 31. Ngf1 Nd3 32. Nd5 Nxe1 33. Rxe1 a5 34. Nfe3 Bg7 35. Ng4 Bc8 36. Qe2 f5 37. exf5 gxf5 38. Nxe5 Qd6 39. f4 c6 40. Ne3 Qd2 41. c5 Qxe2 42. Rxe2 Bxe5 43. Bxe5 Rd3 44. Nc4 Rxb3 45. Nxa5 Ra3 46. Nxc6 Rxa4 47. Rb2 Bd7 48. Nxb4 Rc8 49. Nd5 Rxc5 50. Nf6+ Kf7 51. Nxd7 Rc1+ 52. Kf2 Raa1 53. Nf6 Rf1+ 54. Ke3 Rae1+ 55. Re2 Rd1 56. Nh5 Kg6 57. Ng7 Rg1 58. Ne6 Rgf1 59. Ng5 1-0


[Site "https://www.chess.com"]

[Event "Titled Tuesday Blitz March 22 Early 2022"]
[White "Tomb, Maroun"]
[Black "Sarkar, Justin"]
[WhiteFideId "5300398"]
[BlackFideId "2010011"]
[WhiteElo "2490"]
[BlackElo "2038"]
[Result "1-0"]
[Round "03"]
[TimeControl "180+1"]
[Date "2022.03.22"]
[WhiteClock "0:00:33"]
[BlackClock "0:00:01"]

1. e4 e5 2. Nf3 Nc6 3. Bb5 a6 4. Ba4 Nf6 5. d4 exd4 6. O-O Be7 7. e5 Ne4 8. Nxd4 O-O 9. Bf4 Nc5 10. Bb3 Nxd4 11. Qxd4 Ne6 12. Qd2 Nxf4 13. Qxf4 d6 14. Nc3 dxe5 15. Qxe5 Bf6 16. Qg3 c6 17. Rad1 Qa5 18. Rd3 Bf5 19. Rf3 Bg6 20. Nd1 Qe5 21. c3 Qxg3 22. Rxg3 Rad8 23. f4 Bd3 24. Re1 Bh4 25. Nf2 Bxg3 26. hxg3 Bf5 27. Re7 Rd7 28. Re5 Bd3 29. g4 b5 30. Re3 Bc4 31. Bxc4 bxc4 32. Ne4 Rd1+ 33. Kh2 Rb1 34. Re2 Rb8 35. Nd6 R1xb2 36. Re7 Rxa2 37. Nxf7 h6 38. g5 Rbb2 39. gxh6 Rxg2+ 40. Kh3 Rh2+ 41. Kg4 Rag2+ 42. Kf5 gxh6 43. Ne5 Rh5+ 44. Kf6 a5 45. Re8+ Kh7 46. Re7+ Kg8 47. Nf7 Rg7 48. Re8+ Kh7 49. Rh8# 1-0


[Site "https://www.chess.com"]

[Event "Titled Tuesday Blitz March 22 Early 2022"]
[White "Toncheva, Nadya"]
[Black "Rosen, Eric"]
[WhiteFideId "2924056"]
[BlackFideId "2032562"]
[WhiteElo "1884"]
[BlackElo "2362"]
[Result "0-1"]
[Round "03"]
[TimeControl "180+1"]
[Date "2022.03.22"]
[WhiteClock "0:00:09"]
[BlackClock "0:00:07"]

1. e4 e5 2. Nf3 Nf6 3. Nxe5 Nc6 4. Nxc6 dxc6 5. d3 Bc5 6. Be2 h5 7. c3 Ng4 8. d4 Qh4 9. Bxg4 Bxg4 10. Qd3 O-O-O 11. Bf4 Rhe8 12. Nd2 Bf5 13. Qe3 Be7 14. h3 Bh7 15. Qg3 Qxg3 16. Bxg3 h4 17. Bf4 Bxe4 18. Nxe4 Bd6 19. Bxd6 Rxe4+ 20. Kd2 Rxd6 21. Rae1 Rf4 22. f3 c5 23. Ke3 Rf5 24. dxc5 Rxc5 25. Kf2 Ra5 26. a3 Rb5 27. b4 Rd2+ 28. Re2 Rbd5 29. Re1 Kd7 30. Rxd2 Rxd2+ 31. Re2 Rd3 32. Rc2 Rd1 33. Ke2 Ra1 34. Ke3 Rxa3 35. Kd4 Ra6 36. Re2 Rd6+ 37. Kc4 Rg6 38. Rf2 a6 39. f4 Rc6+ 40. Kd3 Rd6+ 41. Kc4 Rf6 42. f5 g6 43. Rf4 Rxf5 44. Rxh4 Rf2 45. Rg4 b5+ 46. Kd3 Rf1 47. Rd4+ Kc6 48. Rg4 Rf5 49. Kc2 Re5 50. Kd3 Kd6 51. Kc2 Re2+ 52. Kd3 Rf2 53. Rd4+ Ke5 54. Rg4 Kf6 55. Rg3 Rf1 56. Rg4 Ke6 57. Kc2 Kd5 58. Rg3 Ke4 59. Rg4+ Ke3 60. Rd4 Rf2+ 61. Kb3 Rxg2 62. Rd7 f5 63. Rxc7 f4 64. Rc6 f3 65. Rxa6 f2 66. Re6+ Kd2 67. Rf6 Ke1 68. Re6+ Kf1 69. Rf6 Kg1 70. c4 Rg3+ 71. Kc2 bxc4 72. b5 f1=Q 73. Rxf1+ Kxf1 74. b6 Rb3 0-1


[Site "https://www.chess.com"]

[Event "Titled Tuesday Blitz March 22 Early 2022"]
[White "Tsydypov, Zhamsaran"]
[Black "Vogel, Roven"]
[WhiteFideId "4108566"]
[BlackFideId "12908088"]
[WhiteElo "2614"]
[BlackElo "2516"]
[Result "0-1"]
[Round "03"]
[TimeControl "180+1"]
[Date "2022.03.22"]
[WhiteClock "0:02:01"]
[BlackClock "0:02:00"]

1. e4 e5 2. Nf3 Nc6 3. Bb5 a6 4. Ba4 Nf6 5. O-O Be7 6. Qe2 O-O 7. c3 d6 8. h3 b5 9. Bc2 Re8 10. d4 Bf8 11. d5 Ne7 12. a4 Bd7 13. Na3 Rb8 14. axb5 axb5 15. b4 c6 16. dxc6 Bxc6 17. Bd3 Qb6 18. Bg5 Ng6 19. Nc2 Nh5 20. g3 Nxg3 21. Qe1 Nxf1 22. Kxf1 Ra8 23. Rc1 Qb7 24. Nd2 Be7 25. Be3 h6 26. f3 Bg5 27. Nb3 Qd7 28. Kg2 Bxe3 29. Nxe3 Nf4+ 0-1


[Site "https://www.chess.com"]

[Event "Titled Tuesday Blitz March 22 Early 2022"]
[White "Urazayev, Arystanbek"]
[Black "Pires, Marcos Vinicius Torsani"]
[WhiteFideId "13709810"]
[BlackFideId "2118939"]
[WhiteElo "2393"]
[BlackElo "2273"]
[Result "1-0"]
[Round "03"]
[TimeControl "180+1"]
[Date "2022.03.22"]
[WhiteClock "0:01:56"]
[BlackClock "0:00:15"]

1. e4 c5 2. Nf3 g6 3. d4 cxd4 4. c3 d5 5. exd5 Nf6 6. c4 b5 7. Nxd4 bxc4 8. Bxc4 Bg7 9. Nc3 O-O 10. O-O Bb7 11. Qb3 Qb6 12. Be3 Qxb3 13. Bxb3 Nbd7 14. Rfd1 Nb6 15. Nc6 Rfe8 16. Nxa7 Rxa7 17. Bxb6 Ra6 18. Bd4 Nd7 19. Bxg7 Kxg7 20. Ba4 Rd8 21. Bxd7 Rxd7 22. a4 Rb6 23. Rd2 Rb4 24. a5 Ba6 25. f3 Rd6 26. Ne4 Rd8 27. Nc5 Bc4 28. a6 Rxd5 29. Rxd5 Bxd5 30. Rd1 e6 31. Rxd5 exd5 32. a7 1-0


[Site "https://www.chess.com"]

[Event "Titled Tuesday Blitz March 22 Early 2022"]
[White "Vakhlamov, Igor L."]
[Black "Le, Tuan Minh"]
[WhiteFideId "24126748"]
[BlackFideId "12401153"]
[WhiteElo "2401"]
[BlackElo "2450"]
[Result "0-1"]
[Round "03"]
[TimeControl "180+1"]
[Date "2022.03.22"]
[WhiteClock "0:00:04"]
[BlackClock "0:00:11"]

1. e4 c5 2. Nc3 Nc6 3. Nf3 e5 4. Bc4 d6 5. d3 Be7 6. O-O Be6 7. Nd5 Nf6 8. c3 O-O 9. h3 h6 10. Be3 Qd7 11. Kh2 Bd8 12. Nxf6+ Bxf6 13. b3 Rfd8 14. Bxe6 Qxe6 15. c4 Be7 16. Ng1 f5 17. exf5 Qxf5 18. Qe2 d5 19. cxd5 Rxd5 20. Rad1 Rad8 21. Nf3 Rxd3 22. Rxd3 Qxd3 23. Qxd3 Rxd3 24. Rc1 b6 25. Kg1 Nb4 26. Nxe5 Rd5 27. Nc4 Bf6 28. a3 Nc6 29. Kf1 Kf8 30. Ke2 Ke7 31. Nd2 Bb2 32. Rc4 Bxa3 33. Re4+ Kf7 34. Rf4+ Kg8 35. Rg4 Kh7 36. Rf4 Rd7 37. Re4 Bb2 38. f4 Bd4 39. Nf3 Bxe3 40. Kxe3 Nb4 41. Ke2 Nd5 42. Kf2 Re7 43. Ne5 Nxf4 44. Rxf4 Rxe5 45. Rf7 a5 46. Rb7 Re6 47. Kf3 Kg6 48. Kf4 Kf6 49. h4 h5 50. g3 g6 51. Rb8 Rd6 52. Ke4 Rd4+ 53. Kf3 Rb4 54. Rb7 Rxb3+ 55. Kf4 Rb4+ 56. Ke3 a4 57. Ra7 b5 58. Rxa4 bxa4 0-1


[Site "https://www.chess.com"]

[Event "Titled Tuesday Blitz March 22 Early 2022"]
[White "Van den Dikkenberg, Erik"]
[Black "Ferreira, Vitor Hugo Vieira"]
[WhiteFideId "1005880"]
[BlackFideId "2119765"]
[WhiteElo "2118"]
[BlackElo "2165"]
[Result "1/2-1/2"]
[Round "03"]
[TimeControl "180+1"]
[Date "2022.03.22"]
[WhiteClock "0:00:05"]
[BlackClock "0:00:12"]

1. e4 c5 2. Nc3 Nc6 3. f4 g6 4. Nf3 Bg7 5. Bc4 e6 6. O-O Nge7 7. Qe1 O-O 8. Kh1 d5 9. Bb5 Nd4 10. Nxd4 cxd4 11. Nd1 dxe4 12. Qxe4 Qd5 13. Bd3 Qxe4 14. Bxe4 Rb8 15. d3 b6 16. Nf2 Bb7 17. Bxb7 Rxb7 18. Ne4 Rc7 19. Rf2 Rfc8 20. Nd6 Rd8 21. Ne4 Nf5 22. g4 Ne3 23. Bxe3 dxe3 24. Re2 Bxb2 25. Rb1 Bd4 26. c3 Bxc3 27. Rxe3 f5 28. Ng5 Rcd7 29. gxf5 exf5 30. Rb3 Bd2 31. Re2 Ba5 32. Re3 h6 33. Ne6 Re8 34. d4 a6 35. Re5 b5 36. Rg3 Kf7 37. Rge3 Rde7 38. d5 Bb6 39. Re2 Kf6 40. h4 Ba7 41. Kg2 Bb8 42. R5e3 Bxf4 43. Rf3 Bd6 44. h5 g5 45. Ref2 f4 46. Rc3 Rxe6 47. dxe6 Rxe6 48. Rc6 g4 49. Rd2 f3+ 50. Kf1 g3 51. Rdxd6 Rxd6 52. Rxd6+ Kg5 53. Rg6+ Kf4 54. Rf6+ Kg4 55. Rg6+ Kf4 56. Rf6+ Kg4 57. Rg6+ Kf4 1/2-1/2


[Site "https://www.chess.com"]

[Event "Titled Tuesday Blitz March 22 Early 2022"]
[White "Vasquez Schroeder, Rodrigo"]
[Black "Janaszak, Dawid"]
[WhiteFideId "3400042"]
[BlackFideId "1119206"]
[WhiteElo "2931"]
[BlackElo "2534"]
[Result "1-0"]
[Round "03"]
[TimeControl "180+1"]
[Date "2022.03.22"]
[WhiteClock "0:01:35"]
[BlackClock "0:00:06"]

1. e4 c5 2. Nf3 Nc6 3. Bb5 g6 4. c3 Nf6 5. Qe2 Bg7 6. O-O O-O 7. Rd1 d6 8. d4 cxd4 9. cxd4 Bg4 10. Bxc6 bxc6 11. h3 Bxf3 12. Qxf3 d5 13. e5 Ne4 14. Nc3 f5 15. Qd3 e6 16. f3 Nxc3 17. Qxc3 Rc8 18. Be3 Rf7 19. f4 g5 20. Rac1 Bh6 21. Qd2 Rg7 22. fxg5 Bxg5 23. Rc3 Bxe3+ 24. Qxe3 Qb6 25. b3 a5 26. Rdc1 Qa6 27. Kh2 Kh8 28. Qf2 Qb6 29. Rc5 Rcg8 30. Rg1 Rg3 31. Qxg3 Rxg3 32. Kxg3 Qb4 33. Rd1 a4 34. Kh2 axb3 35. axb3 Qxb3 36. Rcc1 Qe3 37. Rxc6 f4 38. Rxe6 f3 39. Re8+ Kg7 40. Rf1 f2 41. g3 Qe2 42. Kg2 Qe4+ 43. Kxf2 Qc2+ 44. Kg1 Qd3 45. Kg2 Qe2+ 46. Rf2 Qe4+ 47. Kh2 Qxd4 48. Ref8 Qxe5 49. R8f5 Qd6 50. Rd2 d4 51. Rf4 d3 52. Rf3 h6 53. Rfxd3 Qe5 54. Rd7+ Kf8 55. Ra7 h5 56. Rd8+ 1-0


[Site "https://www.chess.com"]

[Event "Titled Tuesday Blitz March 22 Early 2022"]
[White "Vlassov, Nikolai"]
[Black "Sanal, Vahap"]
[WhiteFideId "4103360"]
[BlackFideId "6300545"]
[WhiteElo "2407"]
[BlackElo "2603"]
[Result "1/2-1/2"]
[Round "03"]
[TimeControl "180+1"]
[Date "2022.03.22"]
[WhiteClock "0:00:08"]
[BlackClock "0:00:03"]

1. e4 e5 2. Bc4 Nc6 3. f4 exf4 4. d4 Qh4+ 5. Kf1 d6 6. Nc3 Bg4 7. Qd3 g5 8. g3 fxg3 9. Kg2 Qh6 10. Nd5 O-O-O 11. h4 Qg6 12. hxg5 h5 13. c3 h4 14. Bd2 Re8 15. Re1 Qh5 16. Nf4 Qxg5 17. Bb5 a6 18. Bxc6 bxc6 19. Qxa6+ Kd7 20. d5 Ne7 21. Qc4 Rb8 22. dxc6+ Nxc6 23. Qxf7+ Be7 24. b4 Ne5 25. Qb3 h3+ 26. Ngxh3 Bxh3+ 27. Rxh3 Qg4 28. Rxg3 Rh2+ 29. Kxh2 Nf3+ 30. Rxf3 Qxf3 31. Qe6+ Kc6 32. Qd5+ Kd7 33. Qf5+ Kc6 34. Qd5+ Kd7 35. Nh3 Rf8 36. Re3 Qg4 37. Qb5+ Kd8 38. Rg3 Qe6 39. Bg5 Bxg5 40. Nxg5 Qf6 41. Qb8+ Kd7 42. Qb5+ Ke7 43. Qf5 Qh6+ 44. Qh3 Qf6 45. Qh7+ Ke8 46. Qxc7 Qf2+ 47. Rg2 Qf4+ 48. Rg3 Qf2+ 49. Kh3 Rh8+ 50. Kg4 Qe2+ 51. Rf3 Qg2+ 52. Rg3 Qe2+ 53. Kf5 Qf2+ 54. Ke6 Rh6+ 55. Kd5 Qxg3 56. Qc8+ Ke7 57. Qc7+ Kf6 58. Qxd6+ Qxd6+ 59. Kxd6 Kxg5+ 60. Kc7 Kf6 61. b5 Ke5 62. b6 Rh7+ 63. Kc6 Rh6+ 64. Kc7 Rh7+ 65. Kc6 Rh6+ 66. Kc5 Rh7 67. Kc6 1/2-1/2


[Site "https://www.chess.com"]

[Event "Titled Tuesday Blitz March 22 Early 2022"]
[White "Voit, Daria"]
[Black "Sjugirov, Sanan"]
[WhiteFideId "4182146"]
[BlackFideId "4189302"]
[WhiteElo "2323"]
[BlackElo "2602"]
[Result "0-1"]
[Round "03"]
[TimeControl "180+1"]
[Date "2022.03.22"]
[WhiteClock "0:00:01"]
[BlackClock "0:00:10"]

1. d4 Nf6 2. Bf4 d5 3. e3 c5 4. c3 Nc6 5. Nd2 Bf5 6. Qb3 Qc8 7. Ngf3 e6 8. Bb5 Be7 9. Ne5 O-O 10. O-O Nh5 11. Bxc6 bxc6 12. Qa4 Nxf4 13. exf4 Bd6 14. dxc5 Bxe5 15. fxe5 Qb8 16. b3 Qxe5 17. Qd4 Qxd4 18. cxd4 a5 19. a3 Rfb8 20. Rac1 f6 21. Rfe1 Kf7 22. f4 h6 23. Rc3 g5 24. g3 Kg6 25. Kf2 Ra7 26. Ree3 Rg7 27. Re1 Kf7 28. Kf3 gxf4 29. gxf4 Rbg8 30. Nf1 Rg2 31. Ng3 Rxh2 32. Nxf5 exf5 33. Rce3 Rgg2 34. Re7+ Kg6 35. Rc7 Rb2 36. Kg3 h5 37. Rg1 Rbf2 38. Rxc6 h4# 0-1


[Site "https://www.chess.com"]

[Event "Titled Tuesday Blitz March 22 Early 2022"]
[White "Vovk, Orest"]
[Black "Murzin, Volodar"]
[WhiteFideId "14113490"]
[BlackFideId "44155573"]
[WhiteElo "2203"]
[BlackElo "2585"]
[Result "0-1"]
[Round "03"]
[TimeControl "180+1"]
[Date "2022.03.22"]
[WhiteClock "0:00:14"]
[BlackClock "0:00:07"]

1. h4 d5 2. h5 h6 3. e4 dxe4 4. Nc3 Nf6 5. Qe2 Nbd7 6. Nxe4 Nxe4 7. Qxe4 Nf6 8. Qd3 Qxd3 9. Bxd3 c6 10. b3 e5 11. Bb2 Bd6 12. O-O-O O-O 13. f3 Nd5 14. Kb1 Nb4 15. Bf1 Bf5 16. d3 Nd5 17. Re1 Rfe8 18. Ne2 Bb4 19. Rc1 Ne3 20. Bc3 a5 21. Kb2 Nd5 22. a3 Bf8 23. Bd2 Bh7 24. Nc3 Bc5 25. Nxd5 cxd5 26. g3 a4 27. b4 Bd4+ 28. Bc3 Rac8 29. Bxd4 exd4 30. Bh3 Rc7 31. Rhe1 Rce7 32. Rxe7 Rxe7 33. Bc8 Kf8 34. Rf1 Ke8 35. Kc1 Bxd3 36. cxd3 Rc7+ 37. Kd2 Rxc8 38. Rc1 Rc6 39. Re1+ Kd7 40. Re5 Kd6 41. Re8 Rc3 42. Rd8+ Ke6 43. Rb8 Rxa3 44. Rxb7 Ra2+ 45. Ke1 Rg2 46. g4 a3 47. Ra7 a2 48. Ra6+ Ke5 49. Kf1 Rb2 0-1


[Site "https://www.chess.com"]

[Event "Titled Tuesday Blitz March 22 Early 2022"]
[White "Williams, Simon K"]
[Black "Guseva, Marina"]
[WhiteFideId "404454"]
[BlackFideId "4149351"]
[WhiteElo "2468"]
[BlackElo "2160"]
[Result "1-0"]
[Round "03"]
[TimeControl "180+1"]
[Date "2022.03.22"]
[WhiteClock "0:00:17"]
[BlackClock "0:00:02"]

1. e4 c5 2. d4 cxd4 3. c3 dxc3 4. Nxc3 Nc6 5. Bc4 e6 6. Nf3 a6 7. O-O Nge7 8. Bg5 h6 9. Bh4 g5 10. Bg3 Ng6 11. Nd5 d6 12. Ne3 Nge5 13. Nxe5 dxe5 14. Qh5 Bd7 15. Rfd1 Qe7 16. Nd5 exd5 17. exd5 Bg7 18. dxc6 Bxc6 19. h4 O-O 20. Re1 e4 21. Re2 Rad8 22. Rae1 Rd4 23. Bb3 Kh8 24. hxg5 Qxg5 25. Qh2 f5 26. Bf4 Qg6 27. Re3 Qf6 28. Rh3 Kh7 29. Rh5 Be8 30. Rh4 Bf7 31. Bxf7 Rxf7 32. Qg3 Qg6 33. Qh3 Rd3 34. Qh2 Rfd7 35. Rh3 Rd1 36. Re3 Rxe1+ 37. Rxe1 Bxb2 38. Qh4 Bg7 39. Qh3 Qe6 40. Be3 Qg6 41. Rb1 Rf7 42. Bf4 b5 43. Qe3 Qg4 44. Rc1 Qg6 45. Rc8 Bf6 46. g3 Bg5 47. Kg2 Bxf4 48. Qxf4 Rg7 49. Qb8 Qf6 50. Rh8+ Kg6 51. Qe8+ Qf7 52. Qc6+ Qf6 53. Rxh6+ Kxh6 54. Qxf6+ Kh7 55. Qxf5+ 1-0


[Site "https://www.chess.com"]